 Dungeon Crawl Stone Soup version 0.15.2 (webtiles) character file.

270 MistressOfTheSands the Insei (level 6, -5/47 HPs)
             Began as a Mummy Monk on Nov 9, 2015.
             Slain by an orc priest
             ... wielding a +0 flail
              (8 damage)
             ... on Level 5 of the Dungeon.
             The game lasted 00:08:28 (3552 turns).

MistressOfTheSands the Insei (Mummy Monk)           Turns: 3552, Time: 00:08:28

HP  -5/47        AC  5     Str 14      XL: 6   Next:  1%
MP   6/6         EV 13     Int  9      God:
Gold 195         SH  0     Dex 16      Spells:  0 memorised,  5 levels left

rFire  x . .     SeeInvis .       - Unarmed
rCold  + . .     Clarity  .     a - +0 robe
rNeg   + + +     rCorr    .     (no shield)
rPois  +         rRot     +     (no helmet)
rElec  .         Spirit   .     (no cloak)
SustAb .         Warding  .     g - +1 pair of gloves
rMut   .         Stasis   .     l - +0 pair of boots
Gourm  .                        (no amulet)
MR     .....                    (no ring)
                                (no ring)

@: not resistant to hostile enchantments, unstealthy
A: no food or potions, fire vulnerability, restore body, cold resistance 1,
negative energy resistance 3, poison resistance, torment resistance, unbreathing
a: no special abilities


You were on level 5 of the Dungeon.
You were not hungry.

You visited 1 branch of the dungeon, and saw 5 of its levels.

You collected 195 gold pieces.


Innate Abilities, Weirdness & Mutations

You do not eat or drink.
Your flesh is vulnerable to fire.
Your flesh is cold resistant.
You are immune to negative energy.
Your system is resistant to poisons.
You are immune to unholy pain and torment.
You can survive without breathing.


   Skills:
 + Level 3.0 Fighting
 - Level 2.4 Dodging
 - Level 1.5 Stealth
 - Level 6.0 Unarmed Combat


You had 5 spell levels left.
You didn't know any spells.

Inventory:

Armour
 a - a +0 robe (worn)
 g - a +1 pair of gloves (worn)
 l - a +0 pair of boots (worn)
Comestibles
 c - a fruit
 i - 2 bread rations (quivered)
 j - a slice of pizza
 k - a royal jelly
Scrolls
 b - 2 scrolls of recharging
 d - a scroll of immolation {!r}
 e - a scroll of identify {@r1}
 f - 3 scrolls of magic mapping
 h - a scroll of teleportation {@r4}

Dungeon Overview and Level Annotations

Branches:
Dungeon (5/15)             Temple (0/1) D:5

Altars:
Kikubaaqudgha
Vehumet
Xom
Yredelemnul

Annotations:
D:1 I WILL AVENGE MY BROTHER , Terence

#...##...#.#......#.#
##.#######.#..##..#.#
#..................#
#............##..#.#
##.##./..........#.#
#.##.####.####..#.#
#.##.##.....##....#
#.##.#......[#o#..#
#....#.......#M#..###
#........_..)).#..o.#
#.#..#....)..#.#.##.#
#.#..#.......#.#.##.#
#.#..##(....##.#.##.#
###.####.#.##o# ....
.....#.# ## ....
.....#o# .# .#..
.....#.#


You could see an orc priest.


Message History

The orc priest is moderately wounded.
You hit the orc priest but do no damage.
You punch the orc priest.
The orc priest is heavily wounded.
The orc priest hits you with a flail.
* * * LOW HITPOINT WARNING * * *
You hit the orc priest. Your punch misses the orc priest.
The orc priest is severely wounded.
The orc priest barely misses you.
You hit the orc priest but do no damage.
The orc priest is severely wounded.
The orc priest's eyes start to glow.
You hit the orc priest.
The orc priest is almost dead.
The orc priest barely misses you.
You hit the orc priest but do no damage.
The orc priest is almost dead.
You hit the orc priest but do no damage.
The orc priest is almost dead.
The orc priest calls down the wrath of Beogh upon you.
Something smites you!
* * * LOW HITPOINT WARNING * * *
You barely miss the orc priest.
The orc priest is almost dead.
The orc priest hits you with a flail.
* * * LOW HITPOINT WARNING * * *
You hit the orc priest.
The orc priest is almost dead.
The orc priest hits you with a flail!
You die...

Action                   |  1- 3 |  4- 6 || total
-------------------------+-------+-------++-------
Melee: Unarmed           |   134 |   129 ||   263
  Use: Scroll            |       |     6 ||     6
 Stab: Sleeping          |     2 |     1 ||     3

Vault maps used:
D:1:      dpeg_arrival_concentric_ovals
D:2:      baited_tele_trap, uniq_terence
D:3:      yredelemnul_altar_generic, first_bread
D:4:      minmay_misc_feat_tiny, minmay_box_of_dots, uniq_duvessa
D:5:      kennysheep_mini, old_standard_altar, kiku_gazebo_pond_becter,
          minmay_temple_entry_grid, nicolae_zen_rock_garden

Notes
Turn   | Place    | Note
--------------------------------------------------------------
     0 | D:1      | MistressOfTheSands, the Mummy Monk, began the quest for the Orb.
     0 | D:1      | Reached XP level 1. HP: 18/18 MP: 1/1
   367 | D:1      | Reached XP level 2. HP: 22/24 MP: 2/2
   696 | D:2      | Noticed Terence
   702 | D:2      | Reached skill level 4 in Unarmed Combat
  1011 | D:2      | Reached XP level 3. HP: 27/29 MP: 3/3
  1971 | D:3      | Reached XP level 4. HP: 35/35 MP: 4/4
  2480 | D:3      | Found a basalt altar of Yredelemnul.
  2709 | D:5      | Entered Level 5 of the Dungeon
  2718 | D:5      | Reached skill level 5 in Unarmed Combat
  2959 | D:5      | Reached XP level 5. HP: 41/41 MP: 5/5
  2979 | D:5      | Found an ancient bone altar of Kikubaaqudgha.
  3101 | D:5      | Found a staircase to the Ecumenical Temple.
  3130 | D:5      | Noticed a centaur
  3146 | D:5      | Killed a centaur
  3388 | D:5      | Found a shimmering altar of Xom.
  3421 | D:5      | Found a radiant altar of Vehumet.
  3430 | D:5      | Reached skill level 6 in Unarmed Combat
  3493 | D:5      | Reached XP level 6. HP: 44/47 MP: 6/6
  3551 | D:5      | HP: 3/47 [orc priest/flail (3)]
  3552 | D:5      | Slain by an orc priest

Vanquished Creatures
  A centaur (D:5)
  A jelly (D:5)
  A crimson imp (D:5)
  A worker ant (D:5)
  2 adders (D:2)
  A shadow imp (D:5)
  4 giant geckos
  5 orcs
  8 bats
  A bat zombie (D:5)
  3 giant cockroaches
  5 goblins
  15 hobgoblins
  7 kobolds
  2 quokkas
  3 giant newts
  9 rats
69 creatures vanquished.
